AoeStats
← TPE-床上小旋風

Nomad

503547923Analyzed
4v4 RM · 1mo ago on Sep 1, 2026· 42m 37s· 8 players
Game mode
Random Map
Map size
231×231
Population
200
Speed
Normal
Resources
Standard
Victory
Conquest
Starting age
Dark Age
Ending age
Imperial Age
RankedLock teamsTeams togetherTeam positionsShared explorationLock speedFull tech treeHidden civsTurbo modeCheats
Victory
Defeat
🇨🇳 Spanish · China
1507
+7
🇲🇽 Persians · Mexico
1294
+16
🇦🇷 Magyars · Argentina
1272
+17
🇨🇳 Georgians · China
1265
+17
🇷🇺 Huns · Russia
1312
-15
🇮🇳 Persians · India
1310
-15
🇮🇳 Khmer · India
1282
-14
adi.rathore
5:01 Loom
13:49 Feudal Age
17:01 Castle Age
16:11 Double-Bit Axe
17:16 Scale Barding Armor
17:24 Bloodlines
17:01 Horse Collar
30:59 Chain Barding Armor
33:51 Husbandry
35:06 Forging
35:58 Wheelbarrow
38:27 Iron Casting
43:25 Imperial Age
43:01 Hand Cart
TPE-床上小旋風
4:51 Loom
15:33 Feudal Age
19:34 Castle Age
17:22 Double-Bit Axe
18:38 Horse Collar
19:43 Gold Mining
19:45 Stone Mining
19:48 Fletching
20:03 Padded Archer Armor
23:21 Wheelbarrow
23:15 Bow Saw
23:41 Fishing Lines
24:18 Medium Warships
26:23 Town Watch
27:36 Fishing Lines
29:29 Hand Cart
29:34 Marauders
31:11 Bloodlines
30:59 Bodkin Arrow
31:19 Leather Archer Armor
32:26 Scale Barding Armor
32:31 Forging
32:44 Thumb Ring
33:18 Leather Archer Armor
36:33 Chain Barding Armor
38:06 Pikeman
Vu_PY
5:55 Loom
14:03 Feudal Age
20:01 Castle Age
19:02 Fletching
19:33 Double-Bit Axe
20:46 Medium Warships
22:45 Bow Saw
24:32 Wheelbarrow
16岁少女在公交车上被11个大汉轮流让座
14:03 Feudal Age
12:27 Loom
17:27 Castle Age
15:34 Stone Mining
15:50 Double-Bit Axe
21:00 Bow Saw
21:31 Horse Collar
22:32 Gold Mining
29:18 Imperial Age
27:24 Heavy Plow
29:23 Fletching
34:36 Crop Rotation
35:12 Two-Man Saw
36:43 Stone Shaft Mining
38:11 Wheelbarrow
37:22 Town Watch
37:42 Pikeman
38:23 Squires
38:58 Scale Barding Armor
40:45 Hand Cart
40:39 Town Patrol
Lancelot
5:58 Loom
12:40 Feudal Age
13:01 Man-at-Arms
18:13 Double-Bit Axe
18:39 Gold Mining
25:51 Wheelbarrow
25:52 Fletching
29:04 Castle Age
27:01 Fishing Lines
28:24 Padded Archer Armor
28:34 Stone Mining
29:26 Gillnets
29:51 Bow Saw
30:52 Bodkin Arrow
30:19 Crossbowman
35:36 Horse Collar
38:32 Imperial Age
37:24 Hand Cart
37:26 Heavy Plow
38:45 Scale Barding Armor
38:43 Husbandry
38:55 Bloodlines
39:04 Forging
38:53 Town Watch
40:22 Chain Barding Armor
40:43 Iron Casting
40:17 Cavalier
41:26 Thumb Ring
42:15 Plate Barding Armor
42:42 Blast Furnace
41:58 Town Patrol
42:22 Capped Ram
44:16 Two-Man Saw
LUPIN IV
11:14 Feudal Age
11:46 Double-Bit Axe
11:59 Fishing Lines
17:12 Wheelbarrow
22:53 Castle Age
23:44 Medium Warships
23:52 Medium Warships
24:57 Bow Saw
25:45 Gillnets
25:24 Demolition Ship
31:34 Hand Cart
32:21 Gold Mining
34:25 Town Watch
35:15 Stone Mining
38:08 Imperial Age
35:51 Forging
36:37 Scale Barding Armor
37:08 Iron Casting
37:48 Chain Barding Armor
38:13 Coinage
38:55 Stone Shaft Mining
39:27 Plate Barding Armor
39:52 Blast Furnace
38:24 Elite Monaspa
39:37 Conscription
40:04 Town Patrol
39:50 Loom
40:09 Scale Mail Armor
40:00 Fletching
43:18 Banking
felixaleman1010
3:55 Loom
14:45 Feudal Age
15:53 Double-Bit Axe
19:08 Castle Age
17:13 Fishing Lines
18:26 Gold Mining
18:54 Stone Mining
19:17 Scale Barding Armor
21:08 Gold Shaft Mining
20:37 Town Watch
21:06 Medium Warships
22:38 Corvinian Army
29:24 Chain Barding Armor
40:52 Imperial Age
40:55 Elite Magyar Huszar
42:08 Conscription
43:17 Plate Barding Armor
lemontree
12:45 Feudal Age
11:29 Loom
17:03 Castle Age
16:13 Fishing Lines
16:57 Double-Bit Axe
18:10 Bow Saw
17:57 Gillnets
21:11 Padded Archer Armor
22:44 Town Watch
24:00 Leather Archer Armor
29:23 Husbandry
29:34 Bloodlines
29:48 Bloodlines
33:40 Wheelbarrow
35:23 Hand Cart
35:47 Masonry
39:11 Imperial Age
40:02 Imperial Age
38:22 Stone Mining
38:28 Gold Mining
42:38 Conscription
43:01 Ring Archer Armor
42:25 Elite Conquistador
Connection lost

Rejoining the realm…

Still unreachable

The connection could not be restored.

Session expired

The server has moved on; the page needs a fresh start.